 Dungeon Crawl Stone Soup version 0.32-a0-22-g6ae6769602 (webtiles) character file.

Game seed: 15339994110652825203

65 Hellonello the Trooper (level 4, -3/50 HPs)
             Began as an Oni Cinder Acolyte on Jan 18, 2024.
             Was a High Priest of Ignis.
             Slain by jestert79's ghost (8 damage)
             ... on level 3 of the Dungeon.
             The game lasted 00:04:48 (2062 turns).

Hellonello the Trooper (Oni Cinder Acolyte)         Turns: 2062, Time: 00:04:49

Health: -3/50      AC:  4    Str: 18    XL:     4   Next: 13%
Magic:  5/5        EV:  9    Int: 15    God:    Ignis [*****.]
Gold:   201        SH:  0    Dex:  6    Spells: 5/5 levels left

rFire   + + +        l - +2 whip "Death Rattle" {freeze, rF++}
rCold   . . .        (no shield)
rNeg    . . .        b - +0 robe
rPois   .            (helmet restricted)
rElec   .            k - +0 cloak
rCorr   .            (gloves unavailable)
SInv    +            (boots unavailable)
Will    .....        (no amulet)
Stlth   +            m - ring of the Shining Light {Wiz rF+ SInv}
HPRegen 0.28/turn    (no ring)
MPRegen 0.09/turn

%: wizardry (x1)
@: no status effects
A: large, unfitting armour, horns 1, tough skin 1, double potion healing,
drunken brawling
a: Renounce Religion, Fiery Armour, Foxfire Swarm, Rising Flame


You were on level 3 of the Dungeon.
You worshipped Ignis.
Ignis was extremely pleased with you.
You visited 1 branch of the dungeon, and saw 3 of its levels.

You collected 201 gold pieces.

Inventory:

Hand Weapons
 a - a -1 mace of flaming
 l - the +2 whip "Death Rattle" (weapon) {freeze, rF++}
   (You found it on level 2 of the Dungeon)

   rF++:      It greatly protects you from fire.
Missiles
 g - 3 large rocks (quivered)
Armour
 b - a +0 robe (worn)
 k - a +0 cloak (worn)
Jewellery
 i - a ring of fire
 m - the ring of the Shining Light (left hand) {Wiz rF+ SInv}
   (You found it on level 3 of the Dungeon)

   [ring of wizardry]

   Wiz:       It improves your spell success rate.
   rF+:       It protects you from fire.
   SInv:      It lets you see invisible.
Scrolls
 c - 2 scrolls of teleportation
 e - a scroll of revelation
 n - a scroll of blinking
 o - a scroll of silence {unknown}
Potions
 d - a potion of enlightenment
 f - a potion of mutation {unknown}
 j - a potion of resistance


   Skills:
 + Level 5.0 Fighting
 + Level 3.6 Maces & Flails
 + Level 1.6 Dodging
 - Level 1.2 Spellcasting
 - Level 2.6 Fire Magic


You had 5 spell levels left.
You didn't know any spells.
Your spell library contained the following spells:

 Spells                   Type           Power      Damage    Failure   Level
 Scorch                   Fire           16%        2d5       4%          2
 Slow                     Hex            0%         N/A       10%         1
 Confusing Touch          Hex            0%         N/A       28%         3
 Sigil of Binding         Hex            0%         N/A       28%         3
 Vampiric Draining        Necr           0%         2d6       28%         3


Dungeon Overview and Level Annotations

Branches:
Dungeon (3/15)

Altars:

Annotations:
D:3 jestert79's ghost, amateur DrWn


Innate Abilities, Weirdness & Mutations

You are too large for most types of armour.
You have a pair of small horns on your head.
You have tough skin. (AC +1)
You gain doubled healing and magic from potions.
Whenever you drink a healing potion, you attack all around you.


Message History

Some shallow water.
You open the door.
Okay, then.
You hit jestert79's ghost. You freeze jestert79's ghost.
Your headbutt misses jestert79's ghost.
Jestert79's ghost is lightly damaged.
Jestert79's ghost whispers, "The ORB doesn't exist."
Jestert79's ghost hits you but does no damage.
You barely miss jestert79's ghost. Your headbutt misses jestert79's ghost.
Jestert79's ghost is lightly damaged.
Jestert79's ghost hits you!
You whack jestert79's ghost! You freeze jestert79's ghost.
Jestert79's ghost is moderately damaged.
Jestert79's ghost hits you!
You hit jestert79's ghost. You freeze jestert79's ghost.
Jestert79's ghost is moderately damaged.
Jestert79's ghost hits you!
You take a swig of the potion and twirl the +2 whip "Death Rattle" {freeze, rF++}.
You completely miss jestert79's ghost.
Jestert79's ghost is moderately damaged.
You savour every drop.
You feel better. Jestert79's ghost hits you.
You closely miss jestert79's ghost. Your headbutt misses jestert79's ghost.
Jestert79's ghost is moderately damaged.
Jestert79's ghost stares at you. Jestert79's ghost closely misses you.
You barely miss jestert79's ghost. Your headbutt misses jestert79's ghost.
Jestert79's ghost is moderately damaged.
You closely miss jestert79's ghost. Your headbutt misses jestert79's ghost.
Jestert79's ghost is moderately damaged.
Jestert79's ghost hits you!
You closely miss jestert79's ghost. Your headbutt misses jestert79's ghost.
Jestert79's ghost is moderately damaged.
Jestert79's ghost hits you!
* * * LOW HITPOINT WARNING * * *
Okay, then.
Unknown command.
You closely miss jestert79's ghost.
Jestert79's ghost is moderately damaged.
Jestert79's ghost hits you!
You die...

#.##..#.####.#####.##.#....##.# #
#.##..#.## #..........#....##.# #
#.##..#..###.#####.##.#....##.###
#........<............+..........
#.##..#..###.###...##.#....######
#.##...............##.#....####
#.##..#..#######...##.........###
........................<........
................@..##....#.##....
#..#..........##W##....P..)##....
.........##...#.~.#.....P).......
..............#.~.##..P......#...
####..........#.~.##.#..####.#...
#..........#.~.#....#####....#
###..........#.=.##.#...........
#............######.#...........
#.#....###..................####


You could see jestert79's ghost.

Vanquished Creatures
  An adder (D:2)
  An adder skeleton (D:3)
  A dart slug (D:1)
  2 ribbon worms (D:3)
  An orc (D:3)
  4 bats
  6 endoplasms
  3 giant cockroaches
  3 goblins
  2 hobgoblins (D:1)
  A jackal (D:2)
  4 ball pythons
  A ball python skeleton (D:3)
  5 frilled lizards
  4 kobolds
  A quokka skeleton (D:3)
  A quokka zombie (D:3)
  6 rats
47 creatures vanquished.

Notes
Turn   | Place    | Note
-------+----------+-------------------------------------------
     0 | D:1      | Hellonello the Oni Cinder Acolyte began the quest for the
                  | Orb.
     0 | D:1      | Reached XP level 1. HP: 24/24 MP: 2/2
   176 | D:1      | Reached XP level 2. HP: 28/32 MP: 3/3
   693 | D:2      | Reached skill level 1 in Dodging
   796 | D:2      | Reached XP level 3. HP: 39/40 MP: 4/4
  1066 | D:2      | Identified the +2 whip "Death Rattle" {freeze, rF++}
  1150 | D:2      | Found a faded altar of an unknown god.
  1567 | D:3      | Identified the ring of the Shining Light {Wiz rF+ SInv}
  1675 | D:3      | Reached skill level 5 in Fighting
  1675 | D:3      | Reached XP level 4. HP: 46/50 MP: 5/5
  2043 | D:3      | Found a runed translucent door.
  2048 | D:3      | Noticed jestert79's ghost (amateur DrWn)
  2062 | D:3      | Slain by jestert79's ghost

Illustrated notes

Levels and vault maps discovered:
D:1:      psy_arrival_whirlpool, layout_loops_ring
D:2:      layout_basic, basic_ecumenical_altar, minmay_tripent
D:3:      layout_basic, ebering_ghost_reflecting_pool, serial_undead,
          serial_undead_d, serial_undead_d, serial_undead_b, serial_undead_f

Skill      XL: |  1  2  3 |
---------------+----------+-----
Dodging        | 1 |  1.6
Fighting       | 5 |  5.0
Maces & Flails | |  3.6
Spellcasting   | |  1.2
Fire Magic     | |  2.6

Action                     |  1- 3 |  4- 6 || total
---------------------------+-------+-------++-------
  Melee: Mace              |    66 |       ||    66
         Headbutt          |     8 |     1 ||     9
         Whip              |    48 |    16 ||    64
    Use: Scroll            |     8 |       ||     8
         Potion            |       |     1 ||     1
   Stab: Sleeping          |     1 |       ||     1
 Armour: Robe              |    72 |     8 ||    80
  Dodge: Dodged            |    65 |     7 ||    72

Table legend: (Time is in decaauts)
 A = Elapsed time spent in this place.
 B = Non-inter-level travel time spent in this place.
 C = Inter-level travel time spent in this place.
 D = Time resting spent in this place.
 E = Time spent auto-exploring this place.
 F = Levels seen in this place.
 G = Mean time per level.
                   A        B        C        D        E       F      G
               +--------+--------+--------+--------+--------+-----+--------+
         Total |   2070 |   2047 |     23 |      0 |   1678 |   3 |  690.0 |
       Dungeon |   2070 |   2047 |     23 |      0 |   1678 |   3 |  690.0 |
               +--------+--------+--------+--------+--------+-----+--------+

Top non-repeatable levels by time:
     D:3: 749 daAuts
     D:2: 730 daAuts
     D:1: 590 daAuts
